 Dungeon Crawl Stone Soup version 0.27.1-3-gb3d3a73c9e (webtiles) character file.

Game seed: 15398501889293133051

393 cdecastro the Changer (level 6, -2/47 HPs)
             Began as a Draconian Transmuter on Oct 7, 2021.
             Was an Initiate of Wu Jian.
             Killed from afar by an orc wizard (8 damage)
             ... with a magic dart
             ... on level 4 of the Dungeon on Oct 8, 2021.
             The game lasted 00:07:33 (4682 turns).

cdecastro the Changer (Draconian Transmuter)        Turns: 4682, Time: 00:07:34

Health: -2/47      AC:  6    Str: 12    XL:     6   Next: 51%
Magic:  9/9        EV: 12    Int: 15    God:    Wu Jian [......]
Gold:   75         SH:  0    Dex: 12    Spells: 3/9 levels left

rFire    . . .     SeeInvis .   f - +4 short sword
rCold    . . .     Faith    .   (no shield)
rNeg     . . .     Spirit   .   (armour unavailable)
rPois    .         Reflect  .   (helmet restricted)
rElec    .         Harm     .   (no cloak)
rCorr    .         Rampage  .   (no gloves)
Will     .....                  (no boots)
Stlth    +.........             (no amulet)
HPRegen  0.15/turn              (no ring)
MPRegen  0.11/turn              (no ring)

@: wereblooded
A: AC +6, unfitting armour, cold-blooded
a: Renounce Religion


You were on level 4 of the Dungeon.
You worshipped Wu Jian.
Wu Jian was noncommittal.
You visited 2 branches of the dungeon, and saw 5 of its levels.
You also visited: Sewer.

You collected 75 gold pieces.

Inventory:

Hand Weapons
 f - a +4 short sword (weapon)
Missiles
 b - 5 javelins
 c - 21 poisoned darts
 d - 17 sling bullets
 e - 54 stones
 h - 47 arrows
Jewellery
 g - a +6 ring of dexterity
Scrolls
 j - a scroll of amnesia {unknown}
 k - a scroll of identify {unknown}
 l - 2 scrolls of enchant armour {unknown}
 n - 3 scrolls of teleportation {unknown}
 r - a scroll of summoning {unknown}
Potions
 a - 2 potions of flight {unknown}
 i - 2 potions of degeneration {unknown}
 m - a potion of might {unknown}
 o - a potion of lignification {unknown}
 p - 2 potions of magic {unknown}
 q - 3 potions of heal wounds {unknown}
 s - 2 potions of haste {unknown}


   Skills:
 - Level 1.1 Fighting
 - Level 1.7 Dodging
 - Level 3.0 Unarmed Combat
 - Level 2.0 Spellcasting
 + Level 6.6 Transmutations
 - Level 2.0 Poison Magic


You had 3 spell levels left.
You knew the following spells:

 Your Spells              Type           Power      Damage    Failure   Level
a - Beastly Appendage     Tmut           42%        N/A       1%          1
b - Wereblood             Tmut           21%        N/A       2%          2
c - Spider Form           Tmut/Pois      7%         N/A       11%         3

Your spell library contained the following spells:

 Spells                   Type           Power      Damage    Failure   Level
 Ice Form                 Ice/Tmut       11%        N/A       50%         4


Dungeon Overview and Level Annotations

Branches:
Dungeon (4/15)             Temple (1/1) D:4           Sewer (visited)

Altars:
Ashenzari
Cheibriados
Dithmenos
Elyvilon
Fedhas
Gozag
Hepliaklqana
Kikubaaqudgha
Nemelex Xobeh
Okawaru
Qazlal
Ru
Sif Muna
Trog
Uskayaw
Vehumet
Wu Jian
The Shining One

Annotations:
D:2 Sigmund


Innate Abilities, Weirdness & Mutations

Your plain brown scales are hard. (AC +6)
You cannot fit into any form of body armour.
You are cold-blooded and may be slowed by cold attacks.


Message History

Something hits you but does no damage.
Unknown command.
You hit the orc. You tail-slap the orc.
The orc is almost dead.
You howl as the wereblood boils in your veins!
Something hits you.
* * * LOW HITPOINT WARNING * * *
The orc hits you but does no damage.
Unknown command.
You hit the orc.
You feel a bit better.
You kill the orc!
The Council accepts your kill. Something hits you.
* * * LOW HITPOINT WARNING * * *
Unknown command.
You puncture the hobgoblin!
You feel a bit better.
You kill the hobgoblin!
The Council accepts your kill. Something hits you.
* * * LOW HITPOINT WARNING * * *
You barely miss the orc. Something hits you.
* * * LOW HITPOINT WARNING * * *
The orc hits you but does no damage. Something hits you.
* * * LOW HITPOINT WARNING * * *
You barely miss the orc. The orc misses you. Something completely misses you.
You hit the orc but do no damage. The orc hits you but does no damage.
Something hits you but does no damage.
You hit the orc.
The orc is heavily wounded.
The orc barely misses you. Something hits you.
* * * LOW HITPOINT WARNING * * *
You puncture the orc!
You feel a bit better.
You kill the orc!
The Council accepts your kill. Something barely misses you.
You puncture something!
You hear some strange, mumbled words.
A magic dart appears from out of thin air!
The magic dart hits you!
You die...

#!...... #......
....... #...".. #
#.....
########'##....
#.........){## #
#.........8@.##
#.#..........⌠..#
#...........8...#.#
###.............#.#
####.###.#.......
#.###.#....###
#.†...#......###
####'#####...#....###
#.......#.....#.....#


There were no monsters in sight!

Vanquished Creatures
  A black bear (D:3)
  2 orc priests
  An iguana (D:4)
  Natasha (D:4)
  3 gnolls (D:3)
  2 river rats (D:4)
  6 adders
  A worm (D:4)
  3 dart slugs
  10 orcs
  3 bats
  3 endoplasms
  3 giant cockroaches
  2 goblins (D:1)
  4 hobgoblins
  6 jackals (Sewer)
  12 kobolds
  11 ball pythons
  6 frilled lizards
  4 rats
84 creatures vanquished.

Vanquished Creatures (others)
  2 plants (Sewer)
2 creatures vanquished.

Grand Total: 86 creatures vanquished

Notes
Turn   | Place    | Note
-------+----------+-------------------------------------------
     0 | D:1      | cdecastro the Draconian Transmuter began the quest for the
                  | Orb.
     0 | D:1      | Reached XP level 1. HP: 16/16 MP: 3/3
   688 | D:1      | Reached XP level 2. HP: 23/23 MP: 5/5
   794 | D:1      | Reached skill level 3 in Transmutations
  1247 | D:2      | You fall into a shaft and drop 1 floor!
  1259 | D:3      | Reached XP level 3. HP: 16/28 MP: 4/6
  1262 | D:3      | Reached skill level 4 in Transmutations
  1265 | D:3      | HP: 1/28 [gnoll (4)]
  1656 | D:2      | Reached XP level 4. HP: 23/35 MP: 7/7
  1823 | D:2      | Noticed Sigmund
  1952 | D:3      | Learned a level 2 spell: Wereblood
  1956 | D:3      | Learned a level 3 spell: Spider Form
  1957 | D:3      | Noticed a black bear
  1977 | D:3      | Killed a black bear
  1978 | D:3      | Reached skill level 5 in Transmutations
  1978 | D:3      | Reached XP level 5. HP: 23/40 MP: 6/8
  2319 | D:3      | Found a faded altar of an unknown god.
  2464 | D:3      | Reached skill level 6 in Transmutations
  2990 | D:4      | Found a glowing drain.
  3371 | Sewer    | Entered a sewer
  3520 | Sewer    | Reached XP level 6. HP: 42/47 MP: 7/9
  4246 | D:4      | Reached skill level 1 in Poison Magic
  4298 | D:4      | Found a staircase to the Ecumenical Temple.
  4298 | D:4      | Noticed Natasha
  4311 | D:4      | Killed Natasha
  4315 | Temple   | Entered the Ecumenical Temple
  4624 | Temple   | Became a worshipper of the Wu Jian Council
  4682 | D:4      | Killed from afar by an orc wizard

Illustrated notes

Levels and vault maps discovered:
D:1:      minmay_arrival_glassed_features, layout_loops_ring, dk_noncrumbling_4
D:2:      layout_rooms, basic_altar, minmay_misc_feat_more_columns, uniq_sigmund
D:3:      cheibrodos_old_hovel, layout_basic,
          chequers_ecumenical_altar_simple_redux, serial_corexii_hall,
          chequers_hall_statues_wall_a, chequers_hall_statues_wall_a,
          item_on_display_a
D:4:      layout_basic, temple_green, serial_shops, nicolae_shop_waterfront,
          cheibrodos_sewer_entry_sluice, minmay_misc_feat_x,
          hangedman_feature_mirror, uniq_natasha
Temple:   eino_narrow_crystal_temple

Skill      XL: |  1  2  3  4  5  6 |
---------------+-------------------+-----
Transmutations | 3 4 5 6 |  6.6
Poison Magic   | 2 |  2.0
Fighting       | |  1.1
Dodging        | |  1.7
Unarmed Combat | |  3.0
Spellcasting   | |  2.0

Action                   |  1- 3 |  4- 6 || total
-------------------------+-------+-------++-------
Melee: Unarmed           |    26 |       ||    26
       Short sword       |    59 |   189 ||   248
       Tailslap          |     9 |    26 ||    35
       Kick              |     5 |    13 ||    18
       Headbutt          |     2 |     6 ||     8
 Cast: Beastly Appendage |     1 |    12 ||    13
       Wereblood         |       |     1 ||     1
Invok: Lunge             |       |     1 ||     1
 Stab: Sleeping          |       |     1 ||     1
Armor: Skin              |    11 |    82 ||    93
Dodge: Dodged            |    47 |   113 ||   160
